 Dungeon Sprint DCSS version 0.18.1-50-g88ac8fd (webtiles) character file.

105 Kagutsuchi the Skirmisher (level 4, -4/45 HPs)
             Began as a Draconian Berserker on Oct 21, 2016.
             Was a Priest of Trog.
             Slain by Menkaure (22 damage)
             ... in the Dungeon (Sprint II: "The Violet Keep of Menkaure").
             The game lasted 00:01:17 (89 turns).

Kagutsuchi the Skirmisher (Draconian Berserker)       Turns: 89, Time: 00:01:17

Health: -4/45      AC:  5    Str: 19    XL:     4   Next: 53%
Magic:  4/4        EV: 14    Int:  8    God:    Trog [***...]
Gold:   406        SH:  0    Dex: 11    Spells: 0 memorised, 3 levels left

rFire  . . .     SeeInvis .     a - +0 falchion
rCold  . . .     Gourm    .     (armour unavailable)
rNeg   . . .     Faith    .     (no shield)
rPois  .         Spirit   .     (helmet restricted)
rElec  .         Dismiss  .     (no cloak)
rCorr  .         Reflect  .     (no gloves)
SustAt .         Harm     .     (no boots)
MR     .....     NoTele   +     (no amulet)
Stlth  +.........               (no ring)
                                (no ring)

@: not resistant to hostile enchantments, very unstealthy
A: unfitting armour, cold-blooded, AC +5
a: Berserk, Trog's Hand, Burn Spellbooks, Renounce Religion


You were in the Dungeon.
You worshipped Trog.
Trog was most pleased with you.
You were not hungry.

You visited 1 branch You collected 486 gold pieces.
You spent 80 gold pieces at shops.

Inventory:

Hand Weapons
 a - a +0 falchion (weapon)
Scrolls
 h - a scroll of blinking
Potions
 c - 2 potions of curing
 e - a potion of haste
 f - 2 potions of magic
 g - a potion of berserk rage
Comestibles
 b - a bread ration


   Skills:
 + Level 6.7 Fighting
 + Level 5.9 Long Blades
 + Level 5.4 Dodging


You had 3 spell levels left.
You didn't know any spells.

Dungeon Overview and Level Annotations

Branches:
Dungeon (1/1)

Altars:

Shops:
D :!:?==[[[%(*[!(}

Annotations:
D exclusion: oklob plant, Menkaure


Innate Abilities, Weirdness & Mutations

Your plain brown scales are hard (AC +5).
Your body does not fit into most forms of armour.
You are cold-blooded and may be slowed by cold attacks.


Message History

Menkaure is lightly damaged.
Menkaure hits you.
* * * LOW HITPOINT WARNING * * *
The soldier ant waves its antennae.
Drink which item? (? for menu, Esc to quit)
You feel much better. Menkaure hits you!
You hit Menkaure but do no damage.
Your tail-slap misses Menkaure.
Menkaure is lightly damaged.
Menkaure closely misses you. Menkaure barely misses you.
You hit Menkaure. You tail-slap Menkaure.
Menkaure is heavily damaged.
Menkaure casts a spell at you. Pain shoots through your body!
You hit Menkaure.
Menkaure is severely damaged.
Menkaure completely misses you.
You barely miss Menkaure.
Menkaure is severely damaged.
Menkaure hits you!!
You die...

## ≈## ############≈≈#++
###########≈≈≈...
##....∩.∩.#≈≈≈≈.#
##...∩.∩..#≈≈≈≈##
##..∩.∩...#≈≈≈≈#
##.⌠.∩...@#≈≈### ##
##..∩.∩..M#≈##.###+# .##
##...∩.∩..#≈#...##.###..#
##....∩.∩.'≈'.##†.<.††##+
##.....∩.∩#≈###.##.###..#
#▓▓▓▓▓▓▓###≈##.###+# #.##
##?hh######≈≈### ###
#[.a#. ##≈≈≈ #∩P$+ +#≈#


You could see 2 hell hogs, a soldier ant and Menkaure.

Vanquished Creatures
  4 worker ants (D)
  3 worms (D)
7 creatures vanquished.

Vanquished Creatures (others)
  A crocodile (D)
1 creature vanquished.

Grand Total: 8 creatures vanquished

Notes
Turn   | Place    | Note
--------------------------------------------------------------
     0 | D        | Kagutsuchi the Draconian Berserker began the quest for the Orb.
     0 | D        | Reached XP level 1. HP: 19/19 MP: 1/1
     1 | D        | Noticed a worker ant
     1 | D        | Noticed a worker ant
     2 | D        | Noticed a worker ant
     2 | D        | Noticed a worker ant
     5 | D        | Killed a worker ant
     5 | D        | Reached skill level 4 in Fighting
     5 | D        | Reached XP level 2. HP: 28/28 MP: 2/2
     9 | D        | Reached ** piety under Trog
     9 | D        | Reached skill level 5 in Fighting
     9 | D        | Reached XP level 3. HP: 36/36 MP: 3/3
    13 | D        | Reached skill level 6 in Fighting
    13 | D        | Reached skill level 5 in Long Blades
    13 | D        | Reached XP level 4. HP: 44/44 MP: 4/4
    17 | D        | Reached skill level 5 in Dodging
    21 | D        | Killed a crocodile
    39 | D        | Reached *** piety under Trog
    54 | D        | Found Doazipro's Gadget Shop.
    54 | D        | Found Vemnol's Antique Armour Boutique.
    54 | D        | Found Seuseh's General Store.
    54 | D        | Found Qoor's Antique Armour Boutique.
    54 | D        | Found Keacyzoag's Armour Shop.
    54 | D        | Found Emeix's Weapon Shop.
    54 | D        | Found Zavuwet's Antique Armour Boutique.
    55 | D        | Found Xofuycuj's Jewellery Boutique.
    55 | D        | Found Usches's Jewellery Shop.
    55 | D        | Found Xotar's Magic Scroll Boutique.
    55 | D        | Found Wyehaph's Distillery.
    56 | D        | Found Foennesi's Book Shop.
    56 | D        | Found Fuiv's Distillery.
    56 | D        | Noticed a hell hog
    57 | D        | Found Owaipnob's Antique Weapon Boutique.
    57 | D        | Found Zuus's Food Shop.
    58 | D        | Noticed Menkaure
    58 | D        | Noticed a hell hog
    58 | D        | Noticed an oklob plant
    59 | D        | Found Tiuthroh's Book Shoppe.
    61 | D        | Noticed a soldier ant
    62 | D        | Noticed a soldier ant
    70 | D        | Bought a potion of heal wounds for 50 gold pieces
    70 | D        | Bought a potion of curing for 30 gold pieces
    75 | D        | HP: 1/45 [Menkaure/nerve-wracking pain (10)]
    89 | D        | Slain by Menkaure

Skill      XL: |  1  2  3  4 |
---------------+-------------+-----
Fighting       | 4 5 6 |  6.7
Long Blades    | 4 5 |  5.9
Dodging        | 3 4 5 |  5.4

Action                   |  1- 3 |  4- 6 || total
-------------------------+-------+-------++-------
Melee: Falchion          |    10 |    27 ||    37
       Tailslap          |     1 |     7 ||     8
Invok: Berserk           |     1 |       ||     1
  Use: Potion            |       |     2 ||     2
Armor: Skin              |       |     2 ||     2
Dodge: Dodged            |     5 |    18 ||    23
